[Event "Lliga Catalana DH 2023"]
[Site "Catalonia"]
[Date "2023.02.18"]
[Round "5.1"]
[White "Aguero Jimenez, Luis Lazaro"]
[Black "Peralta, Fernando"]
[Result "1/2-1/2"]
[ECO "B15"]
[WhiteElo "2436"]
[BlackElo "2596"]
[Annotator "TA"]
[PlyCount "69"]
[EventDate "2023.01.24"]
[EventType "team-tourn"]
[EventCountry "ESP"]
[SourceTitle "playchess.com"]
[Source "ChessBase"]
[SourceQuality "1"]
[TimeControl "40/5400+30:1800+30"]

1. e4 c6 2. d4 d5 3. Nd2 dxe4 4. Nxe4 Nf6 5. Nxf6+ exf6 6. c3 Bd6 7. Bd3 O-O 8. Qc2 {Active counter play!} Re8+ {B15: Caro-Kann: 3 Nc3: 3...g6 and 3...dxe4 4 Nxe4 Nf6 5 Nxf6+ exf6.} 9. Ne2 h5 10. Be3 Nd7 {The position is equal.} 11. O-O-O Nf8 12. Kb1 Be6 13. c4 Rc8 14. Qd2 Qd7 {[#]} 15. Ng3 $146 ({Predecessor:} 15. h3 b5 16. cxb5 Bd5 17. Rhg1 cxb5 18. g4 Bh2 19. Bf5 Ne6 20. Rge1 g6 21. Bd3 hxg4 22. hxg4 {½-½ Farias,D (1617)-Santos,J (2309) Famalicao op 8th 2021 (3)}) 15... h4 {[#]} 16. d5 $1 cxd5 17. cxd5 Bxd5 {[#]} 18. Bh7+ $1 {[%mdl 64] Discovered Attack} Nxh7 (18... Kxh7 19. Qxd5) 19. Qxd5 {And now Ne4 would win.} hxg3 20. hxg3 Qc6 {Hoping for ...Qc2+.} 21. Qxd6 Qxg2 22. Qd3 (22. Qd5 {simplifies} Qxd5 23. Rxd5 Nf8 24. Bxa7 Red8 25. Rhd1) 22... Nf8 23. Bxa7 Rcd8 24. Qc2 (24. Qb3 {is interesting.} Ng6 25. a3 Ne5 26. Ka2) 24... Ng6 (24... Qf3 {keeps more tension.} 25. Qb3 Qf5+ 26. Ka1 Rxd1+ 27. Rxd1 Re7) 25. Be3 Qf3 26. Rxd8 (26. a3 {seems wilder.} b5 27. Ka2 b4 28. axb4 Rd5 29. Kb1) 26... Rxd8 27. Rc1 Ne5 28. Bb6 Ra8 29. a3 Nd3 30. Rd1 Ne5 31. Rd4 Re8 32. Re4 Ra8 33. Rd4 Re8 34. Re4 Ra8 35. Rd4 {Weighted Error Value: White=0.10 (very precise) /Black=0.08 (flawless)} 1/2-1/2

[Event "Lliga Catalana DH 2023"]
[Site "Catalonia"]
[Date "2023.02.18"]
[Round "5.2"]
[White "Gonzalez Garcia, Jose"]
[Black "Fernandez Guillen, Ernesto Javier"]
[Result "1-0"]
[ECO "A84"]
[WhiteElo "2450"]
[BlackElo "2454"]
[Annotator "TA"]
[PlyCount "111"]
[EventDate "2023.01.24"]
[EventType "team-tourn"]
[EventCountry "ESP"]
[SourceTitle "playchess.com"]
[Source "ChessBase"]
[SourceQuality "1"]
[TimeControl "40/5400+30:1800+30"]

1. d4 d5 2. c4 e6 3. Nc3 f5 4. Bf4 Bd6 5. Bxd6 Qxd6 6. e3 {A84: Dutch Defence: 2 c4 Miscellaneous.} c6 7. Qh5+ g6 8. Qg5 {White is slightly better.} Nd7 {[#]} 9. h4 $146 ({Predecessor:} 9. Nf3 Qe7 10. Qxe7+ Nxe7 11. c5 O-O 12. Be2 Nf6 13. Ne5 b6 14. Na4 b5 15. Nc3 {1-0 Van de Peut,A (1394)-Voudouris,N (1354) SE-2012-0-00130}) 9... Ne7 (9... Ngf6 $14) 10. h5 $16 h6 11. Qf4 (11. c5 $6 hxg5 12. cxd6 Ng8 $11) (11. hxg6 $16 hxg5 12. Rxh8+ Ng8 13. Rxg8+ Ke7 14. Nh3) 11... Qxf4 $14 12. exf4 g5 13. O-O-O (13. cxd5 $14 exd5 14. fxg5) 13... dxc4 (13... g4 $1 $15) 14. Bxc4 ({White should play} 14. fxg5 $14 b5 15. Nf3) 14... Nb6 $11 15. Bb3 a5 (15... g4 $1 $11) 16. a3 (16. fxg5 $16 {Strongly threatening f4.} hxg5 17. Nf3) 16... a4 17. Ba2 Nbd5 (17... g4 $11) 18. fxg5 $16 hxg5 19. Bxd5 cxd5 {[#]} 20. Nf3 $1 g4 21. Ne5 Nc6 22. f3 {White is much more active.} Nxe5 23. dxe5 gxf3 (23... Bd7 $16) 24. gxf3 $18 Bd7 25. Ne2 Kf7 26. Kd2 (26. Nf4 $18) 26... Rag8 (26... Bc6 $16 {is a better defense.}) 27. Nf4 Rg3 28. Ke3 Bc6 29. Kf2 Rgg8 30. Rdg1 {Threatens to win with Rg6.} Rxg1 (30... Bd7 31. Rxg8 Rxg8) 31. Rxg1 {[%mdl 4096] Endgame KRB-KRN} Rh6 32. Rg6 Rxg6 33. hxg6+ {KB-KN} Kg7 34. Nxe6+ Kxg6 35. Kg3 b6 36. Kf4 Bb7 37. Nf8+ $2 (37. Ke3 $18 {aiming for f4.} f4+ 38. Kxf4 (38. Nxf4+ Kf5 $18)) 37... Kf7 $11 38. Nd7 Ke6 39. Nxb6 Bc6 40. Ke3 {Hoping for f4.} Kxe5 {[%mdl 8192] A mistake that costs the game.} (40... d4+ $11 41. Kxd4 f4) 41. f4+ $18 Ke6 42. Kd3 Ke7 43. Kc3 Ke6 44. Kb4 Kd6 {[#]} 45. Nc8+ $1 Kd7 46. Na7 {Intending Nxc6 and mate.} Kd6 47. Nb5+ $2 (47. Nxc6 {mates} Kxc6 48. b3 (48. Kxa4 Kc5 $11) 48... d4 49. bxa4 (49. Kxa4 d3 50. Kb4 d2 51. Kc3 d1=Q 52. Kc4 Qc1+ 53. Kd4 Qxf4+ 54. Kd3 Kd5 55. Kc3 Qc1+ 56. Kd3 f4 57. Ke2 Ke4 58. b4 Qb2+ 59. Kd1 Kd3 60. Ke1 Qe2#) 49... Kd5 50. a5 Ke4 51. a6 Kxf4 52. a7) 47... Bxb5 $2 (47... Ke7 $18 48. Kc5 (48. Kxa4 $2 {too greedy.} d4 $19) 48... Bd7) 48. Kxb5 {K3P-K3P. White mates.} d4 49. Kc4 $1 ({Not} 49. Kxa4 Kd5 50. Kb3 Ke4 $11) 49... d3 50. Kxd3 {K3P-KPP} Kd5 51. b4 axb3 52. a4 b2 53. Kc2 Ke4 54. a5 Kxf4 55. a6 Ke3 56. a7 {Weighted Error Value: White=0.43/Black=0.58} 1-0

[Event "Lliga Catalana DH 2023"]
[Site "Catalonia"]
[Date "2023.02.18"]
[Round "5.2"]
[White "Fernandez Diaz, Cristian"]
[Black "Garcia Ramos, Daniel"]
[Result "0-1"]
[ECO "A48"]
[WhiteElo "2252"]
[BlackElo "2426"]
[Annotator "TA"]
[PlyCount "84"]
[EventDate "2023.01.24"]
[EventType "team-tourn"]
[EventCountry "ESP"]
[SourceTitle "playchess.com"]
[Source "ChessBase"]
[SourceQuality "1"]
[TimeControl "40/5400+30:1800+30"]

1. d4 Nf6 2. Nf3 b6 3. Bf4 Bb7 4. e3 g6 5. c4 Bg7 6. Nc3 O-O 7. h3 d6 8. Be2 e6 9. O-O Qe7 {[%emt 0:00:03] A48: 1 d4 Nf6 2 Nf3 g6: Torre, London and Colle Systems.} 10. Qc2 Nbd7 11. Bh2 c5 {[%emt 0:05:55] The position is equal.} 12. Rfd1 {[%emt 0:06:05] Hoping for dxc5.} Rfd8 13. Rac1 {[%emt 0:03:00] [#]} (13. d5 $5 ) 13... d5 $146 ({Predecessor:} 13... cxd4 14. Nxd4 e5 15. Ndb5 Nf8 16. Nd5 Nxd5 17. cxd5 a6 18. Nc3 Nd7 19. Bg3 Bh6 {0-1 Vogel,J (2119)-Hebert,J (2333) Wch Seniors 65 30th 2022 (3)}) 14. cxd5 Nxd5 15. Nb5 e5 16. dxe5 (16. Nxe5 {is more complex.} Nxe5 17. dxe5 Bxe5 18. Bxe5 Qxe5 19. Bf3) 16... Nxe5 17. Nxe5 Bxe5 18. Bxe5 Qxe5 19. a3 {[%emt 0:01:02] Wards off Nb4} Qg5 20. Bf1 $1 Qe7 21. Nc3 Nf6 22. Qa4 a6 23. Qf4 Kg7 24. Be2 b5 25. Bf3 Bxf3 26. Qxf3 Qe6 27. Ne2 Qb3 28. Rxd8 {[%emt 0:00:38] White does not recover from this.} (28. Nf4 $15) 28... Rxd8 $19 29. Rxc5 $2 {[%emt 0:00:20] [#]} (29. Nf4) 29... Qd1+ {[%emt 0:00:12] Black is clearly winning.} ({Not} 29... Qxb2 30. Nd4 $11) 30. Kh2 Qd6+ 31. Ng3 Qxc5 32. Qxf6+ Kxf6 33. Ne4+ Ke7 {[%emt 0:00:48] [#] ( -> ...Qf5)} 34. Nxc5 {[%emt 0:00:08][%mdl 4096] Endgame KR-KN} Rd2 35. b4 Rxf2 36. Nxa6 Kd6 {[%emt 0:01:26] Prevents Nc7.} 37. Nc5 Ra2 38. Ne4+ Kc6 39. Ng5 Rxa3 40. e4 Rb3 41. Nxf7 Rxb4 42. Ne5+ Kd6 {[%emt 0:00:13] Weighted Error Value: White=0.60/Black=0.04 (flawless)} 0-1

[Event "Lliga Catalana DH 2023"]
[Site "Catalonia"]
[Date "2023.02.18"]
[Round "5.3"]
[White "Moskalenko, Viktor"]
[Black "Ortin Blanco, Inigo"]
[Result "1/2-1/2"]
[ECO "E53"]
[WhiteElo "2448"]
[BlackElo "2248"]
[Annotator "TA"]
[PlyCount "142"]
[EventDate "2023.01.24"]
[EventType "team-tourn"]
[EventCountry "ESP"]
[SourceTitle "playchess.com"]
[Source "ChessBase"]
[SourceQuality "1"]
[TimeControl "40/5400+30:1800+30"]

1. d4 d5 2. c4 e6 3. Nc3 Bb4 4. e3 Nf6 5. Nf3 O-O 6. Bd2 b6 7. cxd5 exd5 8. Bd3 c5 9. Ne5 Bb7 10. O-O Nc6 11. a3 {[%emt 0:01:30] E53: Nimzo-Indian: Rubinstein: Main Line (4...0-0 5 Nf3 d5 6 Bd3 c5 7 0-0).} Bxc3 12. Bxc3 Nxe5 13. dxe5 Ne4 14. Bxe4 (14. Be1 {seems wilder.} Qg5 15. f4 Qh6 16. Qe2) 14... dxe4 15. Qg4 {[%emt 0:00:03] Black must now prevent e6.} Qe7 {[%emt 0:02:08] Wards off e6} 16. Rfd1 {[%emt 0:02:54] Hoping for Rd7.} Qe6 {[%emt 0:02:57] Repels Rd7} 17. Qh4 Bd5 18. Rd2 Rfe8 {[%emt 0:07:15] [#] Black is weak on the dark squares} 19. Qf4 $146 ({Predecessor:} 19. Rad1 Bb3 20. Rf1 Qg6 21. Rd6 Be6 22. h3 h6 23. Kh2 Kh7 24. f3 exf3 25. gxf3 {½-½ Pheby,I (2283)-Potrata,J (2256) VW-Cup10 Gr41 email 2017}) 19... Rad8 20. Rad1 Rd7 21. f3 Red8 22. Qh4 Qe8 23. fxe4 Bc6 (23... Be6 $11) 24. Rd6 $14 Rxd6 25. Rxd6 (25. exd6 $16 f6 26. e5 fxe5 27. Bxe5) 25... Rxd6 $11 26. exd6 $14 {[%emt 0:00:01][%mdl 4096] Endgame KQB-KQB} f6 27. Qg4 Qd7 (27... Kf7 {is interesting.} 28. e5 Qe6 29. Qg3 Qf5) 28. Qf4 (28. Qxd7 {simplifies} Bxd7 29. e5 Kf7 30. exf6 gxf6 31. e4) 28... Qe6 29. e5 f5 30. Qg3 Kf7 31. Kf2 (31. b4 {with more complications.} Qd5 32. h3 h6 33. e6+) 31... h6 32. h4 Kf8 33. h5 Bd7 34. Qf3 Qf7 $2 (34... Kg8 $1 $14) 35. Qa8+ $18 Be8 {[%emt 0:00:07] [#]} 36. Qc8 (36. e6 $1 $18 Qxe6 37. Qxa7) 36... Qd7 $16 37. Qa8 {[%emt 0:00:23] White is much more active.} ({Better is} 37. Qb8 $16) 37... Kf7 $2 (37... Qf7 $1 $11) 38. Qf3 (38. b3 $18 {and White stays clearly on top.}) 38... Kg8 39. Ke1 Bf7 40. Kf2 (40. e6 $16 Bxe6 41. Qa8+ Kf7 42. Be5 (42. Qh8 Qxd6 43. Qxg7+ Ke8 $16)) 40... Be6 (40... Be8 $1 $11) 41. Qa8+ Kh7 42. Qf8 (42. e4 $14 {should be considered.}) 42... Qc8 (42... Qa4 $11 43. b3 (43. Qe7 Qc2+ {[%mdl 64] Skewer} 44. Ke1 Bc4) 43... Qxb3) 43. Qe7 $14 (43. Qxc8 {simplifies} Bxc8 44. Kg3 Kg8 45. e4) 43... Qd7 44. Kg3 (44. Qxd7 {simplifies} Bxd7 45. e4 Kg8 46. exf5 Bxf5 47. Kg3) 44... Kg8 45. Qh4 (45. Qxd7 {simplifies} Bxd7 46. Kf4 Kf7 47. e4) 45... Bd5 46. Kf2 Kf7 47. Qg3 {[%emt 0:00:11][%cal Og3g7] aiming for Qxg7+!} Qe6 {[%emt 0:00:16] [#]} 48. d7 $1 Qxd7 {[%emt 0:00:53] [#]} 49. e6+ $1 Qxe6 50. Qxg7+ Ke8 51. Qxa7 Qe4 52. Qb8+ Kd7 53. Qg3 Qc2+ 54. Ke1 Qxg2 (54... Kc6 $11) 55. Qxg2 Bxg2 $11 {[%emt 0:00:05] KB-KB} 56. Kf2 $1 {[%emt 0:00:01] Repels Bf3} Be4 57. Kg3 Ke6 58. Bg7 Kf7 59. Bxh6 b5 60. Kf4 c4 61. Kg5 Kg8 62. Kf6 Kh7 63. Bf4 Bc2 64. Kf7 Be4 65. Ke6 Bc2 66. Kd5 Kg8 67. Kc5 Ba4 $1 68. Be5 Kh7 69. b3 cxb3 {[%emt 0:00:57] The position is equal.} 70. Kd5 b2 71. Bxb2 Kh6 {[%emt 0:00:09] Weighted Error Value: White=0.19 (very precise) /Black=0.21 (precise)} 1/2-1/2

[Event "Lliga Catalana DH 2023"]
[Site "Catalonia"]
[Date "2023.02.18"]
[Round "5.3"]
[White "Sama Salinas, Hector"]
[Black "Iermito, Sebastian"]
[Result "0-1"]
[ECO "A04"]
[WhiteElo "2333"]
[BlackElo "2528"]
[Annotator "TA"]
[PlyCount "57"]
[EventDate "2023.01.24"]
[EventType "team-tourn"]
[EventCountry "ESP"]
[SourceTitle "playchess.com"]
[Source "ChessBase"]
[SourceQuality "1"]
[TimeControl "40/5400+30:1800+30"]

1. e4 c5 2. Nf3 Nc6 3. g3 g6 4. Bg2 Bg7 5. O-O d6 6. Nc3 e6 7. d3 Nge7 8. Bg5 O-O {A04: Unusual lines after 1 Nf3 and King's Indian Attack.} 9. Qd2 Rb8 10. a3 b5 {[%cal Bb7b5,Bb5b4,Bb4a3,Ba3a2][%mdl 32] [#] The position is equal.} 11. b4 $146 ({Predecessor:} 11. Bh6 Nd4 12. Bxg7 Kxg7 13. Ne2 e5 14. Nfxd4 cxd4 15. f4 f5 16. c3 fxe4 17. dxe4 {½-½ Klein,A-Kirste,A GER-ch U17 Girls 1995 (9)}) 11... a5 12. bxc5 dxc5 13. Rab1 b4 14. Na4 Qd6 15. Be3 Rb5 16. Nb2 $2 {This costs White the game.} (16. c3 $11) 16... bxa3 $19 17. Nc4 (17. Na4 {was the only chance.} Rxb1 18. Rxb1) 17... Rxb1 (17... Qb8 18. Nxa3 Rxb1 19. Rxb1 $16) 18. Rxb1 (18. Nxd6 a2 19. Bxc5 (19. Nxc8 $2 Rxc8 20. Bxc5 a1=Q $19) 19... a1=Q $19) 18... a2 19. Re1 {[#]} Qb8 (19... a1=Q 20. Rxa1 (20. Nxd6 Qc3 $16) 20... Qb8 21. c3 $16) 20. e5 Ba6 (20... Bxe5 21. Ncxe5 (21. Nxa5 $2 a1=Q $19) 21... Nxe5 22. Nxe5 (22. Bxc5 Qc7 $11) 22... Qxe5 23. Qxa5 $16) (20... Nxe5 21. Nfxe5 Bxe5 22. Nxe5 Qxe5 23. Qxa5 $16) 21. Nxa5 Qb1 (21... Bxe5 22. Nxc6 (22. Bxc5 $2 a1=Q $19) (22. Nxe5 Qxe5 23. Nxc6 Nxc6 $11) 22... Nxc6 23. Nxe5 Qxe5 24. c3 $11) (21... Nxe5 $2 22. Bxc5 Qb1 23. Bxe7 $19) 22. Nb3 c4 {Black is clearly winning.} (22... Bxe5 23. Nxe5 Nxe5 24. Qd1 (24. Bxc5 $2 {is the wrong capture.} Rb8 $19) 24... Qxd1 25. Rxd1 Bxd3 26. cxd3 $17) 23. dxc4 Bxc4 ({Not} 23... Bxe5 24. Nxe5 Nxe5 25. Bc5 $11) 24. Qc3 (24. Qd1 $142 Bxb3 25. cxb3 Qxd1 26. Rxd1) 24... Bxb3 25. cxb3 Ra8 26. Qa1 {[#]} Qxe1+ $3 {[%mdl 576] Deflection} 27. Nxe1 (27. Qxe1 a1=Q) 27... Bxe5 28. Nc2 Bxa1 29. Nxa1 {Weighted Error Value: White=0.91/Black=0.05 (flawless)} 0-1

[Event "Lliga Catalana DH 2023"]
[Site "Catalonia"]
[Date "2023.02.18"]
[Round "5.4"]
[White "Baches Garcia, Guillermo"]
[Black "Campos Cayuelas, Adria"]
[Result "1-0"]
[ECO "C01"]
[WhiteElo "2328"]
[BlackElo "2167"]
[Annotator "TA"]
[PlyCount "53"]
[EventDate "2023.01.24"]
[EventType "team-tourn"]
[EventCountry "ESP"]
[SourceTitle "playchess.com"]
[Source "ChessBase"]
[SourceQuality "1"]
[TimeControl "40/5400+30:1800+30"]

1. e4 e6 2. Nf3 d5 3. exd5 exd5 4. d4 Bd6 5. c4 Nf6 6. Nc3 O-O 7. cxd5 Re8+ {C01: French: Exchange Variation.} 8. Be2 Be7 9. Qb3 Nbd7 {White is slightly better.} 10. Ne5 {[%cal Od5d6] [#] And now d6! would win.} Nb6 $146 {[#] White now steadily converts the win.} (10... Bd6 $11 {remains equal.}) ({Predecessor:} 10... Bd6 11. f4 Nb6 12. O-O Bxe5 13. dxe5 Nfxd5 14. Nxd5 Nxd5 15. Qg3 Bf5 16. b3 c6 {1-0 Svobodova,M (2190)-Lehoczki,V (2065) Tatry op Tatranska Lomnica 1997 (6)}) 11. d6 $1 $16 Bxd6 12. Nxf7 {Intending Nh6+ and mate. White is much more active.} ({Much worse is} 12. Qxf7+ $6 Kh8 13. Qb3 Bxe5 14. dxe5 Rxe5 $11) 12... Be6 13. Nxd8 Bxb3 14. Nxb7 ({Don't take} 14. axb3 Rexd8 15. O-O h6 $16) 14... Bc4 15. Nxd6 cxd6 16. Be3 Rac8 17. Rc1 Bxe2 18. Kxe2 Ng4 19. h3 Nxe3 20. fxe3 d5 21. b3 Rc7 22. Kd3 Rec8 23. Ne2 g5 24. Rxc7 {White is clearly winning.} Rxc7 25. Rf1 Kg7 26. Nc3 Kg6 27. g4 {Weighted Error Value: White=0.03 (flawless) /Black=0.35} 1-0

[Event "Lliga Catalana DH 2023"]
[Site "Catalonia"]
[Date "2023.02.18"]
[Round "5.4"]
[White "Malka, Samuel"]
[Black "Fernandez Aguado, Enrique"]
[Result "1-0"]
[ECO "E15"]
[WhiteElo "2166"]
[BlackElo "2281"]
[Annotator "TA"]
[PlyCount "61"]
[EventDate "2023.01.24"]
[EventType "team-tourn"]
[EventCountry "ESP"]
[SourceTitle "playchess.com"]
[Source "ChessBase"]
[SourceQuality "1"]
[TimeControl "40/5400+30:1800+30"]

1. d4 Nf6 2. c4 e6 3. Nf3 b6 4. g3 Ba6 5. b3 Bb4+ 6. Bd2 Be7 7. Nc3 d5 8. cxd5 exd5 9. Bg2 O-O 10. O-O Re8 11. Re1 {[%emt 0:08:16] [#] 11.Rc1 is the modern continuation. E15: Queen's Indian: 4 g3 sidelines, 4 g3 Ba6 and 4 g3 Bb7 early deviations.} h6 $146 (11... Bb7 $11) ({Predecessor:} 11... Nbd7 12. Bg5 h6 13. Bxf6 Nxf6 14. Ne5 Ba3 15. Qc2 c5 16. Nc6 Qd6 17. Nb1 Bd3 18. Qxd3 Bb2 {½-½ Gozzoli,Y (2594)-Piorun,K (2627) FRA Cup Paris 2022 (2.1)}) 12. Qc2 Bb7 (12... Nbd7 {seems wilder.} 13. Ne5 Bb7 14. Rad1 Bd6) 13. Bf4 {[%emt 0:07:06] The position is equal.} Na6 14. a3 c5 15. Red1 Qc8 16. Rac1 Bf8 17. dxc5 Nxc5 (17... bxc5 $5 18. e3 Qe6 $11) 18. Nb5 g5 (18... Ne6 $14) 19. Nd6 {[%emt 0:05:10] White is more active.} (19. Bd6 $16) 19... Bxd6 $14 20. Bxd6 Nfe4 21. b4 (21. Bxc5 $14 Qxc5 22. Qxc5 bxc5 23. Nd2) 21... Ne6 (21... Nxd6 $11 {keeps the balance.} 22. bxc5 bxc5) 22. Be5 {[%emt 0:02:08] This pair of bishops is nice.} (22. Qd3 $16 Qd7 23. Be5) 22... g4 {[%emt 0:05:07] [#]} ({Black should try} 22... Qxc2 $14 23. Rxc2 Rac8) 23. Nh4 (23. Qb2 $1 $18 Qd8 24. Nd2) 23... N6g5 (23... Qxc2 $16 24. Rxc2 N6g5) 24. Ba1 (24. Qb2 $18 Qe6 25. Bh8) 24... Qe6 (24... Qxc2 $16 25. Rxc2 Rec8 26. Rxc8+ Rxc8) 25. Qb2 $18 f6 26. Rc7 Ba6 27. b5 Bc8 (27... Rec8 {is a better chance.}) 28. Ng6 {[%emt 0:01:28] Nf4 would be deadly.} Nxf2 {[%emt 0:01:56] aiming for ...Ngh3+.} 29. Kxf2 Qe3+ 30. Kf1 {[%emt 0:00:50][%cal Oc7g7] Rg7+! would kill now.} Nf3 {[%emt 0:00:21] [#]} 31. Rg7+ $3 {[%emt 0:00:29][%mdl 576] Decoy. Magnificent play by Malka!   Weighted Error Value: White=0.39/Black=1.12} 1-0

[Event "Lliga Catalana DH 2023"]
[Site "Catalonia"]
[Date "2023.02.18"]
[Round "5.5"]
[White "Perpinya Rofes, Lluis Maria"]
[Black "Fernandez Lozano, Francesc"]
[Result "1-0"]
[ECO "B15"]
[WhiteElo "2261"]
[BlackElo "2036"]
[Annotator "TA"]
[PlyCount "61"]
[EventDate "2023.01.24"]
[EventType "team-tourn"]
[EventCountry "ESP"]
[SourceTitle "playchess.com"]
[Source "ChessBase"]
[SourceQuality "1"]
[TimeControl "40/5400+30:1800+30"]

1. e4 g6 2. d4 Bg7 3. Nc3 c6 4. Nf3 d5 5. h3 dxe4 6. Nxe4 Nf6 7. Nxf6+ exf6 8. Bf4 {[%emt 0:04:05] B15: Caro-Kann: 3 Nc3: 3...g6 and 3...dxe4 4 Nxe4 Nf6 5 Nxf6+ exf6.} Be6 {[%emt 0:06:36] Black is weak on the dark squares} 9. Be2 O-O 10. O-O {[%emt 0:01:11] White is slightly better.} Re8 11. c4 a5 12. Qd2 {[%emt 0:04:56] [#]} a4 $146 ({Predecessor:} 12... Na6 13. Rad1 Bf8 14. a3 Nc7 15. Rfe1 Bd6 16. Bf1 a4 17. Qc1 Rc8 18. Re4 Bf5 19. Rxe8+ Nxe8 {0-1 Winiwarter,F (2210)-Weiss,C (2383) Niederoesterreich Landesliga 0405 2004 (1)}) 13. Rfd1 Qa5 14. d5 Bd7 15. Qxa5 Rxa5 16. Kf1 Ra8 17. dxc6 Bxc6 18. Nd4 Bf8 19. Nxc6 Nxc6 20. Rd7 Re4 21. Bg3 Rae8 22. Bf3 R4e6 {[%emt 0:05:03] This costs Black the game.} (22... Rxc4 $2 23. Bd5 (23. Rxb7 Ne5 $14) 23... Rce4 24. Bxf7+ Kh8 25. Bxe8 (25. Rxb7 Rd8 $16) 25... Rxe8 26. Rxb7 $18) ({Better is} 22... R8e7 $1 $14) 23. Rxb7 $18 Bb4 (23... Ne5 $142) 24. Kg1 {[%emt 0:00:24] [#] Black must now prevent Bxc6.} a3 $2 (24... Bf8 25. Bd5 Re1+ 26. Kh2 Rxa1 27. Bxf7+ (27. Bxc6 Ree1 $17) 27... Kh8 28. Bxe8 Ne5 29. Bxa4 Nxc4) 25. Bxc6 {[%emt 0:04:40] This pair of bishops is nice. White is clearly winning.} axb2 26. Rf1 (26. Bxe8 $2 {loses.} bxa1=Q+ 27. Kh2 Rxe8 $19) 26... Rxc6 27. Rxb4 Re2 28. Rb1 f5 29. R4xb2 Rxb2 30. Rxb2 Rxc4 31. Be5 {[%emt 0:00:35] Weighted Error Value: White=0.09 (flawless) /Black=0.44} 1-0

[Event "Lliga Catalana DH 2023"]
[Site "Catalonia"]
[Date "2023.02.18"]
[Round "5.5"]
[White "Congiu, Mathilde"]
[Black "Staromiejski Llorente, Albert"]
[Result "1-0"]
[ECO "C10"]
[WhiteElo "2201"]
[BlackElo "1734"]
[Annotator "TA"]
[PlyCount "67"]
[EventDate "2023.01.24"]
[EventType "team-tourn"]
[EventCountry "ESP"]
[SourceTitle "playchess.com"]
[Source "ChessBase"]
[SourceQuality "1"]
[TimeControl "40/5400+30:1800+30"]

1. e4 Nc6 2. Nc3 e6 3. d4 d5 4. Nf3 Bb4 5. e5 f6 6. a3 {C10: French with 3 Nc3: Unusual Black 3rd moves and 3...dxe4.} Ba5 ({Black should try} 6... Bxc3+ $14 7. bxc3 fxe5) 7. b4 $16 Bb6 8. Na4 {[#] White is better.} ({Don't do} 8. Bb5 Nge7 $14) 8... Nge7 $146 ({Predecessor:} 8... fxe5 9. Nxb6 axb6 10. dxe5 Nge7 11. Bd3 O-O 12. Ng5 Nf5 13. g4 h6 14. Nxe6 Bxe6 15. gxf5 Bxf5 16. Bxf5 Rxf5 17. Qg4 Rxe5+ 18. Kf1 Qf6 19. Rb1 {½-½ Contessotto,E (2167)-Zunino,J Chivilcoy IRT CEFA/Ceramica 2001 (9)}) 9. exf6 gxf6 10. Bb2 Ng6 11. h4 Bd7 12. h5 $36 {[%mdl 2048] Black is under strong pressure.} Nge7 13. Nxb6 (13. Bd3 $16) 13... axb6 $14 14. Bd3 Na7 15. Qe2 {White is more active.} c5 $2 {[%mdl 8192] A mistake that costs the game.} 16. dxc5 $18 {[%mdl 64] Discovered Attack} e5 {[#]} 17. Nxe5 $1 fxe5 18. Qxe5 Rf8 {Black is weak on the dark squares} 19. Bxh7 {White wants to mate with Bg6+.} Qc8 (19... Qb8 $142 20. Qxb8+ Rxb8 21. cxb6 Nb5) 20. Bg6+ Kd8 21. Qg7 {Prevents bxc5} Rg8 22. Qh7 {aiming for Bf6.} ({Don't play} 22. Qf6 Qc6 23. cxb6 Nac8 24. Qxc6 Bxc6 $18) 22... Qc6 {Inhibits Bf6.} 23. O-O-O Nb5 (23... bxc5 $142 24. b5 Qxb5) 24. Rhe1 Be6 25. Bf6 Qd7 26. Bxe7+ {A strong pair of Bishops.} Kc7 {[#]} 27. Rxe6 $1 Qxe6 28. Bf5 Rg7 29. Qxg7 Qxf5 30. cxb6+ Kd7 31. Bc5+ Kc6 32. Qh6+ Kd7 33. Re1 (33. c4 $142 Rc8 34. Qg7+ Kc6 35. cxd5+ Qxd5 36. Rxd5 Kxd5 37. Qxb7+ Rc6 38. Qf7+ Ke4 39. Qf3+ Ke5 40. b7) 33... Rd8 34. a4 {Artfully played by Congiu.   Weighted Error Value: White=0.22 (precise) /Black=1.11} 1-0

[Event "Lliga Catalana DH 2023"]
[Site "Catalonia"]
[Date "2023.02.18"]
[Round "5.5"]
[White "Lerch i Gallemi, Jose Ma."]
[Black "Garcia Jimenez, Francisco Javier"]
[Result "1/2-1/2"]
[ECO "C10"]
[WhiteElo "2152"]
[BlackElo "2230"]
[Annotator "TA"]
[PlyCount "27"]
[EventDate "2023.01.24"]
[EventType "team-tourn"]
[EventCountry "ESP"]
[SourceTitle "playchess.com"]
[Source "ChessBase"]
[SourceQuality "1"]
[TimeControl "40/5400+30:1800+30"]

1. e4 Nc6 2. Nc3 e6 3. d4 d5 4. Nf3 Bb4 5. e5 f6 6. a3 {C10: French with 3 Nc3: Unusual Black 3rd moves and 3...dxe4.} Ba5 (6... Bxc3+ $14 7. bxc3 Nge7) 7. b4 $16 Bb6 8. Na4 {[#] White is more active. White is better.} ({Don't play} 8. Bb5 Nge7 $14) 8... Nge7 $146 ({Predecessor:} 8... fxe5 9. Nxb6 axb6 10. dxe5 Nge7 11. Bd3 O-O 12. Ng5 Nf5 13. g4 h6 14. Nxe6 Bxe6 15. gxf5 Bxf5 16. Bxf5 Rxf5 17. Qg4 Rxe5+ 18. Kf1 Qf6 19. Rb1 {½-½ Contessotto,E (2167)-Zunino,J Chivilcoy IRT CEFA/Ceramica 2001 (9)}) 9. exf6 gxf6 10. Bb2 Ng6 11. h4 Bd7 ({Better is} 11... Qd6 $14) 12. h5 Nge7 13. Nxb6 (13. Bd3 $16) 13... axb6 $14 14. Bd3 {Weighted Error Value: White=0.21 (precise) /Black=0.21 (precise)} 1/2-1/2